 Dungeon Crawl Stone Soup version 0.01-2115-ge649c80b0b (webtiles) character file.

Game seed: 3870911340743499838, levelgen mode: deterministic

135 Lanoc the Skirmisher (level 4, -8/45 HPs) Immature Draconian Demigod. Began on June 5, 2020. Mangled by a sewer rat (9 damage) ... on level 1 of the Dungeon. The game lasted 00:02:21 (897 turns).

Lanoc the Skirmisher (Immature Draconian Demigod)    Turns: 897, Time: 00:02:22

Health: -8/45      AC:  7    Str: 17    XL:     4 ^: 3
Magic:  8/8        EV: 14    Int: 15    God:
Gold:   45         SH:  0    Dex: 15    Spells: 7/8 levels left

rFire    . . .     Vision   .   a - +0 long sword
rCold    . . .     Gourm    .   i - +4 short sword
rNeg     . . .     Faith    .   (armour unavailable)
rPois    +         Spirit   .   (helmet restricted)
rElec    .         Reflect  .   (no cloak)
rCorr    .         Harm     .   (no gloves)
MR       .....                  k - +0 pair of boots
Stlth    ++........             (no amulet)
HPRegen  0.25/turn              n - ring of poison resistance
MPRegen  0.18/turn              (no ring)

@: no status effects
A: no body armour, unfitting armour, high mp 1, cold-blooded, AC +6
a: Breathe Dart


You were on level 1 of the Dungeon.
You were not hungry.

You visited 1 branch of the dungeon, and saw 2 of its levels.

You collected 45 gold pieces.

Inventory:

Weapons
 a - a +0 long sword (weapon)
 i - a +4 short sword (weapon)
 j - a cursed +2 vampiric dagger {(Curse: Fragile)}
Armour
 k - a +0 pair of boots (worn)
Jewellery
 n - a ring of poison resistance (left hand)
Scrolls
 b - 2 scrolls of immolation
 e - a scroll of magic mapping
 f - a scroll of enchantment
 g - a scroll of fog
 h - a scroll of blinking
 m - a scroll of teleportation
Potions
 d - a potion of curing
 l - a potion of might
 o - a potion of mutation
Comestibles
 c - a ration


   Skills:
 + Level 4.4 Fighting
 - Level 1.5 Long Blades
 + Level 3.5 Dodging
 - Level 1.3 Stealth
 - Level 2.6 Spellcasting


You had 7 spell levels left.
You knew the following spells:

 Your Spells              Type           Power        Failure   Level  Hunger
a - Flame Tongue          Fire           2 (40)       21%         1    #......

Your spell library contained the following spells:

 Spells                   Type           Power        Failure   Level  Hunger
 Blink                    Tloc           N/A          30%         2    ##.....
 Call Imp                 Summ           2 (100)      30%         2    ##.....
 Slow                     Hex            2 (100)      30%         2    ##.....
 Conjure Flame            Fire           2 (100)      52%         3    ###....
 Mephitic Cloud           Pois/Air       2 (100)      52%         3    ###....


Dungeon Overview and Level Annotations

Branches:
Dungeon (2/8)


Innate Abilities, Weirdness & Mutations

You cannot fit into any form of body armour.
Your plain brown scales are hard. (AC +6)
You can breathe rudimentary magical darts.
You have an increased reservoir of magic. (+10% MP)
You are cold-blooded and may be slowed by cold attacks.


Message History

The sewer rat bites you (2).
* * * LOW HITPOINT WARNING * * *
Unknown command.
Unknown command.
You hit the sewer rat (2).
The sewer rat is lightly wounded. (9/11) HP You hit the sewer rat (1).
The sewer rat is moderately wounded. (8/11) HP The sewer rat bites you (5).
* * * LOW HITPOINT WARNING * * *
The sewer rat closely misses you (0).
You riposte.
You barely miss the sewer rat. The sewer rat misses you (0).
You riposte.
You hit the sewer rat (1).
The sewer rat is moderately wounded. (7/11) HP You hit the sewer rat (1).
The sewer rat is heavily wounded. (6/11) HP You hit the sewer rat (2).
The sewer rat is severely wounded. (4/11) HP The sewer rat bites you (9)!
You die...

.##.....#
.##.....#
.##.....#
###.....####
.?....†.'..#
###.....##.# #
########.#
##########.#######
...†...........r@#
.#########..####†#
.## #...##..# #.#
).# #...##..# #.#
#.###...##..# #.#
#..##...##..# #.#
##.#........# #.#
##......###.# #.#
###.....###.# #.#


You could see a sewer rat.

Vanquished Creatures
  A jelly (D:2)
  6 sewer rats (D:1)
  A cinder newt (D:1)
  An ooze (D:1)
  2 dart slugs (D:1)
  A leopard gecko (D:1)
  4 ball pythons
  3 goblins (D:1)
  A hobgoblin (D:1)
  7 bats (D:1)
  8 kobolds (D:1)
  A kobold skeleton (D:2)
  5 rats (D:1)
41 creatures vanquished.

Notes
Turn   | Place    | Note
-------+----------+-------------------------------------------
     0 | D:1      | Lanoc the Immature Draconian Demigod began the quest for
                  | the Orb.
     0 | D:1      | Reached XP level 1. HP: 20/20 MP: 4/4
    82 | D:1      | Reached skill level 3 in Fighting
    82 | D:1      | Reached XP level 2. HP: 23/28 MP: 6/6
   166 | D:1      | Reached XP level 3. HP: 28/34 MP: 7/7
   776 | D:2      | Reached XP level 4. HP: 44/44 MP: 4/8
   823 | D:1      | Reached skill level 4 in Fighting
   896 | D:1      | HP: 1/45 [sewer rat (5)]
   897 | D:1      | Mangled by a sewer rat

Levels and vault maps discovered:
D:1:      doesnt_arrival_eight_statues, layout_basic
D:2:      layout_sewer, nicolae_ru_sacrificial_ziggurat,
          okawaru_ov_weapons_minmay

Skill      XL: |  1  2  3  4 |
---------------+-------------+-----
Fighting       | 3 4 |  4.4
Dodging        | 3 |  3.5
Long Blades    | |  1.5
Stealth        | |  1.3
Spellcasting   | |  2.6

Action                   |  1- 3 |  4- 6 || total
-------------------------+-------+-------++-------
Melee: Long sword        |    34 |    16 ||    50
       Unarmed           |    13 |       ||    13
       Tailslap          |     3 |     2 ||     5
       Short sword       |     9 |    13 ||    22
 Cast: Flame Tongue      |     2 |       ||     2
 Stab: Sleeping          |     3 |       ||     3
Armor: Skin              |     6 |     4 ||    10
Dodge: Dodged            |    36 |    42 ||    78
       Rpst.: Long sword |    14 |     9 ||    23
       Unarmed           |     6 |       ||     6
       Short sword       |     2 |    19 ||    21
